Cogmind - Beta 10.2 @@@ ROGUE MODE // 2021.11.24 @ 15:20:57 Player: Abyssal Kwi Result: Destroyed by as-10592 with Assembled Maul Performance ------------- Evolutions (0) 0 Regions Visited (2) 400 Robots Destroyed (11) 55 Value Destroyed (154) 154 Prototype IDs (0) 0 Alien Tech Used (0) 0 Bonus (0) 0 TOTAL SCORE: 609 Bonus ------- None Cogmind --------- Core Integrity 0/250 Matter 300/300 Energy 100/100 System Corruption 4% Temperature Cool (0) Movement Core (300) Ox5 Location -10/Mines Parts ------- > --- POWER (1) -------- (None) > --- PROPULSION (2) --- (None) > --- UTILITY (2) ------ Large Storage Unit > --- WEAPON (2) ------- (None) > --- INVENTORY (10) --- Ion Engine Light Ion Engine Light Ion Engine Heat Shielding Large Storage Unit Sensor Array Improved Datajack Peak State ------------ > --- POWER ------------ Nuclear Core > --- PROPULSION ------- Light Treads Armored Treads > --- UTILITY ---------- Large Storage Unit Sensor Array > --- WEAPON ----------- EM Pulse Cannon Assault Cannon > --- INVENTORY -------- Ion Engine Light Ion Engine Light Ion Engine Aluminum Leg Heat Shielding Large Storage Unit Medium Armor Plating Heavy Hammer [Rating: 16] Favorites ----------- Power Ion Engine Engine Ion Engine Power Core Nuclear Core Propulsion Aluminum Leg Treads Armored Treads Leg Aluminum Leg Utility Small Storage Unit Device Sensor Array Storage Small Storage Unit Protection Medium Armor Plating Weapon Small Laser Energy Gun Small Laser Energy Cannon EM Pulse Cannon Ballistic Cannon Assault Cannon Impact Weapon Heavy Hammer Build | -11 -10 -10 ------- Run | Scr Mat Min Slots Evolved . | . . . Power . | . . . Propulsion . | . . . Utility . | . . . Weapon . | . . . Parts Attached 31 | 10 10 11 Power 7 | 4 1 2 Engine 6 | 4 1 1 Core 1 | . . 1 Reactor . | . . . Propulsion 11 | 2 4 5 Treads 2 | . . 2 Leg 9 | 2 4 3 Wheel . | . . . Hover . | . . . Flight . | . . . Utility 5 | 2 2 1 Device 2 | 1 1 . Storage 2 | 1 1 . Processor . | . . . Hackware . | . . . Protection 1 | . . 1 Artifact . | . . . Weapon 8 | 2 3 3 Energy Gun 5 | 2 3 . Energy Cannon 1 | . . 1 Ballistic Gun . | . . . Ballistic Cannon 1 | . . 1 Launcher . | . . . Special Weapon . | . . . Impact Weapon 1 | . . 1 Slashing Weapon . | . . . Piercing Weapon . | . . . Special Melee Weapon . | . . . Unidentified Prototypes . | . . . Parts Lost 9 | . 3 6 Power 1 | . . 1 Propulsion 2 | . . 2 Utility 2 | . 1 1 Weapon 4 | . 2 2 Highest Loss Streak 6 | . 2 6 Average Slot Usage (%) 88 | . 94 78 Engine 9 | . 13 2 Core 3 | . . 10 Treads 5 | . . 16 Leg 20 | . 26 8 Device 12 | . 13 11 Storage 14 | . 14 14 Energy Gun 16 | . 25 1 Energy Cannon 1 | . . 3 Ballistic Cannon 2 | . . 6 Naked Turns . | . . . Heaviest Build 35 | 12 24 35 Greatest Support 40 | 20 20 40 Greatest Overweight (x) 11 | 1 1 11 Average Overweight (x) . | . . . Largest Inventory Capacity 10 | 6 10 10 Average Capacity 7 | 5 6 10 Most Carried 10 | 6 7 10 Average Carried 6 | 3 5 9 Final Capacity 10 | 6 10 10 Final Carried 7 | 5 7 7 Class Distribution -------------------- 100% | Mutant Dominant Class ---------------- Mutant | -10/Materials Mutant | -10/Mines Resources | -11 -10 -10 ----------- Run | Scr Mat Min Matter Collected 523 | 300 50 173 Remotely . | . . . Salvage Created 346 | 148 114 84 Parts 14 | 9 5 . Haulers Intercepted . | . . . Recyclers Shooed . | . . . Parts Field Recycled . | . . . Retrieved Matter . | . . . Parts Self-Destructed . | . . . Prevented . | . . . Kills | -11 -10 -10 ------- Run | Scr Mat Min Combat Hostiles Destroyed 11 | . 5 6 Guns 5 | . 5 . Cannons 6 | . . 6 Classes Destroyed 6 | 3 2 1 Worker 2 | 2 . . Tunneler 2 | 2 . . Recycler 1 | 1 . . Swarmer 3 | . 3 . Grunt 3 | . 2 1 Assembled 5 | . . 5 Best Kill Streak 5 | 2 3 5 Combat Bots Only 5 | . 3 5 Max Kills in Single Turn 2 | 1 2 2 Gunslinging 1 | . 1 . Exploded . | . . . Melee . | . . . Uniques/NPCs Destroyed . | . . . Combat | -11 -10 -10 -------- Run | Scr Mat Min Damage Taken 1457 | . 420 1037 Core 257 | . 74 183 Absorbed by Shields . | . . . Core Remaining (%) 100 | 100 . . Volleys Fired 45 | 11 28 6 Largest 2 | 2 2 2 Hottest 107 | 80 80 107 Shots Fired 75 | 22 43 10 Gun 65 | 22 43 . Cannon 10 | . . 10 Launcher . | . . . Special . | . . . Kinetic 6 | . . 6 Thermal 65 | 22 43 . Explosive . | . . . Electromagnetic 4 | . . 4 Robot Hit Streak 16 | 6 11 16 Robot Miss Streak 6 | 2 6 1 Penetration Max . | . . . Secondary Targets 1 | . 1 . Max Gunslinging Chain 1 | . 1 . Shots Hit Robots 52 | 17 28 7 Core Hits 19 | 6 7 6 Critical Hits . | . . . Critical Kills . | . . . Critical Parts Destroyed . | . . . Melee Attacks 2 | . . 2 Impact 2 | . . 2 Slashing . | . . . Piercing . | . . . Sneak Attacks . | . . . Combat Hostiles . | . . . Follow-up Attacks . | . . . Damage Inflicted 710 | 187 283 240 Guns 470 | 187 283 . Cannons 194 | . . 194 Explosions . | . . . Melee 46 | . . 46 Ramming . | . . . Kinetic 100 | . . 100 Thermal 470 | 187 283 . Explosive . | . . . Electromagnetic 94 | . . 94 Impact 46 | . . 46 Slashing . | . . . Piercing . | . . . Highest Corruption 4 | . . 4 Average Corruption 3 | . . 3 Corruption Purged . | . . . Overload Shots . | . . . Overflow Damage 21 | . . 21 Projectiles 5 | . . 5 Explosions . | . . . Melee 16 | . . 16 Knockbacks . | . . . Impact . | . . . Kinetic . | . . . Secondary . | . . . Self-Inflicted Damage . | . . . Shots . | . . . Rammed . | . . . Targets Rammed . | . . . Kicked . | . . . Crushed . | . . . Highest Temperature 217 | 108 160 217 Average Temperature 55 | 39 55 69 Received Heat Transfer 384 | . 144 240 Siege Activations . | . . . Robots Corrupted . | . . . Combat Hostiles . | . . . Parts Fried . | . . . Impact Corruptions 1 | . . 1 Robots Melted . | . . . Combat Hostiles . | . . . Parts Melted 1 | 1 . . Heat Transferred 1075 | 425 650 . Parts Sabotaged . | . . . Parts Stolen . | . . . Parts Stripped . | . . . Power Chain Reactions . | . . . Missiles Intercepted . | . . . Alert | -11 -10 -10 ------- Run | Scr Mat Min Peak Influence 111 | 25 111 45 Initial 16 | . 16 . Average 47 | 8 73 19 Maximum Alert Level . | . . . Low Security (%) 100 | 100 100 100 Level 1 . | . . . Level 2 . | . . . Level 3 . | . . . Level 4 . | . . . Level 5 . | . . . High Security . | . . . Max Security . | . . . Squads Dispatched 2 | . 1 1 Investigation 1 | . . 1 Extermination . | . . . Reinforcement 1 | . 1 . Assault . | . . . Garrison . | . . . Intercept . | . . . Construction Impeded . | . . . Haulers Reinforced . | . . . Stealth | -11 -10 -10 --------- Run | Scr Mat Min Distress Signals . | . . . Communications Jammed . | . . . Distress Signals . | . . . Times Spotted 29 | . 7 22 Peak Tracking Total 18 | . 3 18 Tactical Retreats 4 | . . 4 Traps | -11 -10 -10 ------- Run | Scr Mat Min Traps Triggered . | . . . Indirectly . | . . . Trap Hack Attempts . | . . . Triggered . | . . . Disarmed . | . . . Reprogrammed . | . . . Reused . | . . . Traps Extracted . | . . . Installed . | . . . Triggered . | . . . Machines | -11 -10 -10 ---------- Run | Scr Mat Min Machines Disabled . | . . . Max in Single Turn . | . . . Machines Sabotaged . | . . . Garrisons Compromised . | . . . Overloaded Fab Kills . | . . . Fab Network Shutdowns . | . . . Hacking | -11 -10 -10 --------- Run | Scr Mat Min Machines Accessed 2 | . 1 1 Terminals . | . . . Fabricators . | . . . Repair Stations 1 | . 1 . Recycling Units . | . . . Scanalyzers . | . . . Garrison Access . | . . . Total Hacks 12 | . 11 1 Successful 11 | . 10 1 Failed 1 | . 1 . Catastrophic . | . . . Database Lockouts . | . . . Manual . | . . . Terminals . | . . . Fabricators . | . . . Repair Stations 11 | . 11 . Recycling Units . | . . . Scanalyzers . | . . . Garrison Access . | . . . Terminal Hacks 1 | . . 1 Open Door 1 | . . 1 Fabricator Hacks . | . . . Repair Station Hacks 10 | . 10 . Scan Component 5 | . 5 . Repair 5 | . 5 . Recycling Unit Hacks . | . . . Scanalyzer . | . . . Garrison Access Hacks . | . . . Unauthorized Hacks . | . . . Terminals . | . . . Fabricators . | . . . Repair Stations . | . . . Recycling Units . | . . . Scanalyzers . | . . . Garrison Access . | . . . Data Cores Recovered . | . . . Used . | . . . Hacking Detections 1 | . 1 . Full Trace Events . | . . . Feedback Events . | . . . Feedback Blocked . | . . . Robot Schematics Acquired . | . . . Robots Built . | . . . Matter . | . . . Time . | . . . Total Robot Build Rating . | . . . Part Schematics Acquired . | . . . Parts Built . | . . . Matter . | . . . Time . | . . . Total Part Build Rating . | . . . Parts Repaired 5 | . 5 . Time 130 | . 130 . Parts Recycled . | . . . Recycled Matter . | . . . Retrieved Matter . | . . . Retrieved Components . | . . . Parts Scanalyzed . | . . . Part Schematics Acquired . | . . . Parts Damaged . | . . . Bothacking | -11 -10 -10 ------------ Run | Scr Mat Min Used RIF Installer . | . . . Robots Hacked . | . . . Non-combat . | . . . Combat . | . . . Robot Hacks Applied . | . . . Relay Couplers Released . | . . . Robots Rewired . | . . . Allies Hacked . | . . . Hacks Repelled . | . . . Allies | -11 -10 -10 -------- Run | Scr Mat Min Total Allies . | . . . Largest Group . | . . . Highest-Rated Group . | . . . Highest-Rated Ally . | . . . Total Orders . | . . . Ally Attacks . | . . . Total Damage . | . . . Kills . | . . . Allies Corrupted . | . . . Allies Melted . | . . . Intel | -11 -10 -10 ------- Run | Scr Mat Min Robot Analysis Total . | . . . Derelict Logs Recovered . | . . . Drone Launches . | . . . Drone Recoveries . | . . . Exploration | -11 -10 -10 ------------- Run | Scr Mat Min Turns Passed 850 | 128 470 252 Spaces Moved 406 | 64 218 124 Core 12 | 11 . 1 Treads 89 | . . 89 Legs 305 | 53 218 34 Wheels . | . . . Hover . | . . . Flight . | . . . Fastest Speed 50 | 50 120 120 Average Speed 132 | 113 122 161 Slowest Speed 600 | 120 150 600 Overloaded Moves . | . . . Propulsion Burnouts . | . . . Robots Hopped . | . . . Cave-ins Triggered . | . . . Exploration Rate (%) 17 | 4 28 19 Regions Visited 2 Branch Regions 1 Pre-discovered Areas . | . . . Known Exits Taken . | . . . Unknown Exits Taken 2 | 1 1 . Scrap Searched 1 | . . 1 Spaces Dug . | . . . Terrain Destroyed 2 | . . 2 Melee . | . . . Projectile 2 | . . 2 AOE . | . . . Terrain Rammed . | . . . Walls Destroyed . | . . . Machines Disabled . | . . . Actions | -11 -10 -10 --------- Run | Scr Mat Min Total 637 | 96 378 163 Wait 117 | . 109 8 Move 404 | 63 217 124 Hop . | . . . Pick Up 25 | 12 8 5 Fast Attach 9 | . 6 3 Attach 13 | 7 1 5 Detach 2 | . . 2 Swap 9 | 3 3 3 Drop 11 | . 6 5 Fire 45 | 11 28 6 Melee 2 | . . 2 Ram . | . . . Kick . | . . . Crush . | . . . Escape Stasis . | . . . Rewire . | . . . Trap . | . . . Miscellaneous . | . . . Route ------- -11/Scrapyard -10/Materials -10/Mines History --------- Turn | Location | Event 23 | -11/Scrapyard | Discovered new exit (range 15) 129 | -11/Scrapyard | Entered Materials 310 | -10/Materials | Build established: Mutant 402 | -10/Materials | Repaired Aluminum Leg 428 | -10/Materials | Repaired Ion Engine 459 | -10/Materials | Repaired Aluminum Leg 487 | -10/Materials | Repaired Aluminum Leg 514 | -10/Materials | Repaired Sml. Laser 563 | -10/Materials | Discovered new exit (range 7) 599 | -10/Materials | Entered Mines 626 | -10/Mines | Met a Derelict shopkeep closing up shop 754 | -10/Mines | Assembled infested the area 779 | -10/Mines | Core integrity fell below 50% 794 | -10/Mines | Core integrity fell below 20% 851 | -10/Mines | Destroyed by as-10592 with Assembled Maul Last Messages --------------- 00837_ U-05 Engineer lays Concrete. 00837_ Assault Cannon destroyed. 00838_ U-05 Engineer lays Concrete. 00838_ Destroyed Asb. F-torch. 00838_ as-55231 system corrupted by crushing effect. 00839_ U-05 Engineer lays Concrete. 00842_ U-05 Engineer builds a Wall. 00842_ as-09004 sneak attacks. 00842_ U-05 Engineer system corrupted by crushing effect. 00842_ U-05 Engineer knocked back. 00842_ Hvy. Hammer destroyed. 00842_ System corrupted by crushing effect (+3). 00843_ Acquired 14 matter. 00843_ U-05 Engineer system terminally corrupted. 00844_ Acquired 28 matter. 00846_ Nuclear Core destroyed. 00847_ The unstable cave ceiling collapses. 00848_ Carbon-fiber Leg destroyed. 00848_ System corrupted by crushing effect (+1). 00849_ Aluminum Leg destroyed. Map ----- +----------------------------------------------------+ | ?????????????????????????????????????????????????? | | ?????????????????????????????????????????????????? | | ?????????????????????????????????????????????????? | | ?????????????????????????????????????????????????? | | ?????????????????????????????????????????????????? | | ?????????????????????????????????????????????????? | | ?????????????????????????????????????????????????? | | ?????????????????????????????????????????????????? | | ?????????????????????????????????????????????????? | | ?????????????????????????????????????????????????? | | ?????????????????????????????????????????????????? | | ?????????????????????????????????????????????????? | | ?????????????????????????????????????????????????? | | ?????????????????????????????????????????????????? | | ?????????????????????????????????????????????????? | | ?????????????????????????????????????????????????? | | ?????????????????????????????????????????????????? | | ?????????????????????????????????????????????????? | | ?????????????????????????????????????????????????? | | ?????????????????####????????????????????????????? | | ????????????????? ##???????????????????????????? | | ????????????????? #???????????????????????????? | | ????????????????? #??###??????????????????????? | | ????????????????? ??? !#??????????????????????? | | ?????????????????# ????#a#??????????????????????? | | ?????????????????# #????#@#??????????????????????? | | ????????########## ######a### #### ??????????? | | ????????# = !*aa*% ?????????? | | ????????# ############ =#%#######????????????????? | | ?####??## #??????????# ! %#=#????????????????????? | | ## ##?#" #?????????# *%# #???????????????????? | | #### #???????? %]!# ##???????????????????? | | ###%#?????## = % ???????????????????? | | #???## %=%[% # # #??????????????????? | | ### ##### = * #####?#??????????????????? | | #### ## % # ###????????????????????????? | | ] ####???????????????????????????? | | ???????????????????????????????? | | ######## ## #??????????????????????????????? | | #????????? #??????????????????????????????? | | #????????? #??????????????????????????????? | | #???????? ##??????????????????????????????? | | #???????? #???????????????????????????????? | | ######??????? ???????????????????????????????? | | ????????????? ???????????????????????????????? | | ????????????? ???????????????????????????????? | | ?????????????### ???????????????????????????????? | | ????????????????# ??????????????????????????????? | | ????????????????? ??????????????????????????????? | | ????????????????? ??????????????????????????????? | +----------------------------------------------------+ Best States ------------- Heat Dissipation 25 Energy Generation 14 Energy Capacity 250 Matter Stores 300 Matter Capacity 300 Sight Range 16 Robot Scan Range 10 Terrain Scan Range 16 Terrain Scan Density 10 Armor Coverage 225 Evasion (%) 40 Recoil Reduction 2 Item Schematics ----------------- None Robot Schematics ------------------ None Fabricated ------------ Nothing Alien Tech Used ----------------- None Achievements -------------- None Challenges ------------ None Game ------ Seed SurgeGlidesysLaser Manual? 0 Play Time 00:17:11 Cumulative 6.4 hours Start 2021.11.24 @ 15:05:57 End 2021.11.24 @ 15:20:57 Sessions 1 Manual Loads 0 Difficulty Rogue Special Mode None Game No. 8 Rogue 4 Adventurer 4 Explorer 0 Win Type - Total 0 Types 0/0/0/0/0/0/0/0/0 Lore% 9 Gallery% 16 Achievement% 14 Wizard Run 0 Options --------- ASCII 0 Keyboard 0 Movement Mouse Keybinds 0 Fullscreen 1 Font 18/SmallcapsGlow Map View 76x50 Tactical HUD 1 Map Filters NONE Filters NONE Steam 0 RUN: 6fd9c688-3994-4916-b503-2f6c39f351fa